 Dungeon Crawl Stone Soup version 0.31-a0-986-g5e6e4ef867 (webtiles) character file.

Game seed: 12945431535884184788

276 DocClef the Changeling (level 6, -3/43 HPs)
             Began as a Demonspawn Shapeshifter on Nov 6, 2023.
             Slain by an orc
             ... wielding a +0 club
              (5 damage)
             ... on level 4 of the Dungeon.
             The game lasted 00:03:06 (2800 turns).

DocClef the Changeling (Demonspawn Shapeshifter)    Turns: 2800, Time: 00:03:07

Health: -3/43      AC:  8    Str: 16    XL:     6   Next: 4%
Magic:  6/6        EV:  7    Int: 11    God:
Gold:   170        SH:  0    Dex: 13    Spells: 5/5 levels left

rFire   . . .        n - +2 dagger (venom)
rCold   . . .        (no shield)
rNeg    . . .        l - +0 chain mail
rPois   .            (helmet currently unavailable)
rElec   .            (cloak currently unavailable)
rCorr   .            (gloves currently unavailable)
SInv    .            (boots currently unavailable)
Will    .....        (no amulet) Stlth
                     (no ring)
HPRegen 0.27/turn    (no ring)
MPRegen 0.10/turn

%: no passive effects
@: beast-form
A: beast (slay +3), hooves 1, demonic guardian 1
a: Begin Untransformation


You were on level 4 of the Dungeon.
You were a hulking beast.
You visited 1 branch of the dungeon, and saw 4 of its levels.

You collected 170 gold pieces.

Inventory:

Hand Weapons
 n - a +2 dagger of venom (weapon)
Armour
 a - a +0 animal skin
 l - a +0 chain mail (worn)
Talismans
 c - a beast talisman
 d - a flux talisman
Scrolls
 e - a scroll of vulnerability {unknown}
 g - 5 scrolls of fog {unknown}
 j - 5 scrolls of identify {unknown}
 k - 2 scrolls of enchant armour {unknown}
 m - a scroll of amnesia {unknown}
 q - a scroll of enchant weapon {unknown}
 r - a scroll of teleportation {unknown}
Potions
 b - 3 potions of lignification
 f - a potion of brilliance {unknown}
 h - a potion of haste {unknown}
 i - a potion of heal wounds {unknown}
 o - 2 potions of magic {unknown}
 p - 2 potions of degeneration {unknown}
 s - a potion of cancellation {unknown}


   Skills:
 - Level 1.0 Fighting
 - Level 1.7 Dodging
 - Level 2.6 Unarmed Combat
 + Level 5.8 Shapeshifting


You had 5 spell levels left.
You didn't know any spells.
Your spell library contained the following spells:

 Spells                   Type           Power      Damage    Failure   Level
 Necrotise                Necr           0%         1d4       99%         1
 Vampiric Draining        Necr           0%         2d6       100%        3
 Anguish                  Hex/Necr       0%         N/A       100%        4
 Cause Fear               Hex            0%         N/A       100%        4
 Agony                    Necr           0%         N/A       100%        5
 Enfeeble                 Hex            0%         N/A       100%        7


Dungeon Overview and Level Annotations

Branches:
Dungeon (4/15)
 Temple: D:4-7

Altars:
Xom

Annotations:
D:3 3 runed translucent doors, HilariousDeathArtist's ghost, weakling DsBr


Innate Abilities, Weirdness & Mutations

You are a hulking beast.
Your limbs bulge with bestial killing power. (Slay +3)
You have large cloven feet.
A weak demonic guardian rushes to your aid.


Message History

Beogh smites you! The iguana attacks as it pursues you!
The iguana bites you but does no damage.
The orc priest mumbles some strange prayers to Beogh against you.
Beogh smites you!
* * * LOW HITPOINT WARNING * * *
The iguana attacks as it pursues you! The iguana completely misses you.
Your shadow imp gestures at the iguana.
The iguana barely resists.
You hit the iguana.
The iguana looks as sick as possible!
You kick the iguana, but do no damage.
The iguana is moderately wounded.
The iguana completely misses you.
You barely miss the iguana. You kick the iguana.
The iguana is severely wounded.
The iguana barely misses you.
The orc throws a boomerang.
The boomerang hits your shadow imp.
Your shadow imp misses the orc.
You barely miss the iguana. Your kick misses the iguana.
The iguana is severely wounded.
You kill the iguana!
Something closely misses your shadow imp.
Your shadow imp completely misses the orc priest.
You have reached level 6!
Something misses your shadow imp. The orc closely misses your shadow imp.
Your shadow imp closely misses the orc.
Something barely misses your shadow imp.
Something closely misses your shadow imp.
The orc closely misses your shadow imp.
Your shadow imp hits the orc.
The orc misses something.
The orc attacks as it pursues you! The orc hits you but does no damage.
Your shadow imp disappears in a puff of smoke!
The orc attacks as it pursues you! The orc barely misses you.
The orc barely misses you. The orc attacks as it pursues you!
The orc barely misses you.
The orc priest calls down the wrath of Beogh upon you.
Beogh smites you!
* * * LOW HITPOINT WARNING * * *
A demonic guardian appears!
The orc attacks as it pursues you! The orc hits you with a +0 club.
You die...

.................~P#......)......
..........o......~♣##............
..........o..P~o.~♣~.............
............♣~...~~♣~............
.........♣PPP~~..~P~~♣...........
........♣~~~~P~...~~~♣♣..........
........P~~~~P.~..~~P♣♣..........
#######♣P~PP~~.o~~~♣♣♣..........
#####..♣♣~≈~~♣~h.~~~♣♣.........†
##......♣~~≈≈~~~..~PP♣♣..........
........♣P~≈≈P5...~~~♣...........
.........P~~≈~~...~~♣♣...........
..........~~≈~~...~~P...........#
.........#♣~~~~~...P.......###.##
.........#♣~~~~~........#### ###
........##♣♣~P~♣.....####
........# ♣~~P♣....†.#


You could see an orc priest, 3 orcs and a friendly white imp (summoned).

Vanquished Creatures
  A hound (D:4)
  2 iguanas (D:4)
  7 gnolls
  6 adders
  A worm (D:3)
  A dart slug (D:3)
  6 endoplasms
  6 goblins
  4 hobgoblins
  4 jackals (D:2)
  6 quokkas
  7 ball pythons
  5 bats
  4 frilled lizards
  6 kobolds
  4 rats
70 creatures vanquished.

Notes
Turn   | Place    | Note
-------+----------+-------------------------------------------
     0 | D:1      | DocClef the Demonspawn Shapeshifter began the quest for the
                  | Orb.
     0 | D:1      | Reached XP level 1. HP: 15/15 MP: 1/1
    51 | D:1      | Reached skill level 3 in Shapeshifting
   118 | D:1      | Gained mutation: A weak demonic guardian rushes to your
                  | aid. [demonic ancestry]
   118 | D:1      | Reached XP level 2. HP: 6/21 MP: 2/2
   738 | D:2      | Gained mutation: You have large cloven feet. [demonic
                  | ancestry]
   738 | D:2      | Reached XP level 3. HP: 16/26 MP: 3/3
   915 | D:2      | Reached skill level 4 in Shapeshifting
  1019 | D:2      | Found a faded altar of an unknown god.
  1151 | D:2      | Reached XP level 4. HP: 32/32 MP: 4/4
  1499 | D:3      | Found a shimmering altar of Xom.
  1571 | D:3      | Noticed HilariousDeathArtist's ghost (weakling DsBr)
  1577 | D:3      | Found a runed translucent gate.
  1578 | D:3      | Found a runed translucent gate.
  1578 | D:3      | Found a runed translucent gate.
  1717 | D:3      | Reached XP level 5. HP: 37/37 MP: 5/5
  2073 | D:3      | Reached skill level 5 in Shapeshifting
  2782 | D:4      | Reached XP level 6. HP: 8/43 MP: 6/6
  2800 | D:4      | HP: 2/43 [orc priest/divine providence (11)]
  2800 | D:4      | Slain by an orc

Illustrated notes

Levels and vault maps discovered:
D:1:      wander_arrival_fairy_ring, layout_rooms
D:2:      layout_loops_ring, shapermc_ecumenical_altar_notcrosses
D:3:      layout_loops_corners, lemuel_tele_altar, gammafunk_ghost_split
D:4:      layout_cave_pods, serial_bayou_ford_a, chequers_serial_rivers_marsh,
          nicolae_shop_overcharged_wands

Skill      XL: |  1  2  3  4  5 |
---------------+----------------+-----
Shapeshifting  | 3 4 5 |  5.8
Fighting       | |  1.0
Dodging        | |  1.7
Unarmed Combat | |  2.6

Action                     |  1- 3 |  4- 6 || total
---------------------------+-------+-------++-------
  Melee: Unarmed           |   117 |    35 ||   152
         Punch             |     3 |     1 ||     4
         Kick              |    16 |    26 ||    42
         Dagger            |       |    50 ||    50
   Stab: Sleeping          |     1 |       ||     1
 Armour: Animal skin       |    45 |       ||    45
         Chain mail        |    30 |    52 ||    82
  Dodge: Dodged            |    68 |    33 ||   101

Table legend: (Time is in decaauts)
 A = Elapsed time spent in this place.
 B = Non-inter-level travel time spent in this place.
 C = Inter-level travel time spent in this place.
 D = Time resting spent in this place.
 E = Time spent auto-exploring this place.
 F = Levels seen in this place.
 G = Mean time per level.
                   A        B        C        D        E       F      G
               +--------+--------+--------+--------+--------+-----+--------+
         Total |   2795 |   2719 |     76 |    232 |   1990 |   4 |  698.8 |
       Dungeon |   2795 |   2719 |     76 |    232 |   1990 |   4 |  698.8 |
               +--------+--------+--------+--------+--------+-----+--------+

Top non-repeatable levels by time:
     D:2: 911 daAuts
     D:3: 871 daAuts
     D:1: 549 daAuts
     D:4: 462 daAuts
